A+ WEST
SPOKANE INDIANS @ TRI-CITY DUST DEVILS
04/19/2042
 
TOP OF THE 1ST
Spokane Indians batting - Pitching for Tri-City Dust Devils : RHP Ernie Flores
Pitching: RHP Ernie Flores
Batting: RHB Israel Díaz 0-0: Swinging Strike
0-1: Ball
1-1: Ball
2-1: Ball
3-1: Base on Balls
Batting: LHB Jeff Rogers 0-0: Called Strike
Israel Díaz is caught stealing 2nd base 2-6
0-1: Ball
1-1: Fly out, F9 (Line Drive, 9, EV 95.0 MPH)
Batting: SHB Ken Webb 0-0: Called Strike
0-1: Foul Ball, location: 7LDF
0-2: Strikes out swinging
Top of the 1st over - 0 runs, 0 hits, 0 errors, 0 left on base; Spokane 0 - Tri-City 0
BOTTOM OF THE 1ST
Tri-City Dust Devils batting - Pitching for Spokane Indians : RHP José Aguilera
Pitching: RHP José Aguilera
Batting: RHB Augusto Serna 0-0: Ball
1-0: Bunt for hit to P - play at first, batter OUT! 1-3
Batting: RHB Bill Swerdlow 0-0: Foul Ball, location: 2F
0-1: SOLO HOME RUN (Flyball, 9D, EV 94.4 MPH), Distance : 352 ft
Batting: RHB Tony Rivera 0-0: Fly out, F8 (Flyball, 8LS, EV 92.5 MPH)
Batting: RHB Jorge Gonzáles 0-0: Ball
1-0: Ball
2-0: Called Strike
2-1: Ball
3-1: Base on Balls
Batting: RHB José Martínez 0-0: Foul Ball, location: 25FF
0-1: Ball
1-1: SINGLE (Line Drive, 8RS, EV 98.1 MPH)
Jorge Gonzáles to second
Batting: RHB Manny Alfaro 0-0: Called Strike
0-1: Ball
1-1: Ball
2-1: Foul Ball, location: 9LMF
2-2: Strikes out swinging
Bottom of the 1st over - 1 run, 2 hits, 0 errors, 2 left on base; Spokane 0 - Tri-City 1
TOP OF THE 2ND
Spokane Indians batting - Pitching for Tri-City Dust Devils : RHP Ernie Flores
Batting: RHB Don McFarland 0-0: Ball
1-0: Fly out, F9 (Flyball, 89M, EV 93.8 MPH)
Batting: RHB Mario Guzmán 0-0: Swinging Strike
0-1: Foul Ball, location: 3FF
0-2: Fly out, F3 (Popup, 23F, EV 79.4 MPH)
Batting: RHB Norberto Rivera 0-0: Swinging Strike
0-1: Ball
1-1: Foul Ball, location: 2LF
1-2: Ball
2-2: Ball
3-2: Foul Ball, location: 7LDF
3-2: Strikes out looking
Top of the 2nd over - 0 runs, 0 hits, 0 errors, 0 left on base; Spokane 0 - Tri-City 1
BOTTOM OF THE 2ND
Tri-City Dust Devils batting - Pitching for Spokane Indians : RHP José Aguilera
Batting: RHB Andy Branch 0-0: Ball
1-0: Fly out, F8 (Flyball, 8RD, EV 105.6 MPH)
Batting: RHB Dave Hannah 0-0: Ball
1-0: Called Strike
1-1: Foul Ball, location: 5F
1-2: Strikes out swinging
Batting: RHB Luis Jiménez 0-0: Ball
1-0: Called Strike
1-1: Called Strike
1-2: Strikes out swinging, 2-3 out at first.
Bottom of the 2nd over - 0 runs, 0 hits, 0 errors, 0 left on base; Spokane 0 - Tri-City 1
TOP OF THE 3RD
Spokane Indians batting - Pitching for Tri-City Dust Devils : RHP Ernie Flores
Batting: RHB Héctor Martínez 0-0: Called Strike
0-1: Ball
1-1: Swinging Strike
1-2: DOUBLE (Flyball, 7LD, EV 110.6 MPH)
Batting: RHB José López 0-0: Ball
1-0: Ball
2-0: Called Strike
2-1: Ball
3-1: Foul Ball, location: 5F
3-2: Foul Ball, location: 2F
3-2: Ground out 5-3 (Groundball, 56S, EV 81.3 MPH)
Batting: SHB Jerry Clifton 0-0: Swinging Strike
0-1: Ball
1-1: Ball
2-1: Ball
3-1: Foul Ball, location: 5F
3-2: Strikes out swinging
Batting: RHB Israel Díaz 0-0: Called Strike
0-1: DOUBLE (Line Drive, 78D, EV 100.0 MPH)
Héctor Martínez scores
Batting: LHB Jeff Rogers 0-0: Swinging Strike
0-1: Ground out 4-3 (Groundball, 4S, EV 84.4 MPH)
Top of the 3rd over - 1 run, 2 hits, 0 errors, 1 left on base; Spokane 1 - Tri-City 1
BOTTOM OF THE 3RD
Tri-City Dust Devils batting - Pitching for Spokane Indians : RHP José Aguilera
Batting: RHB Augusto Serna 0-0: Ball
1-0: Foul Ball, location: 2F
1-1: Foul Ball, location: 3FF
1-2: Ball
2-2: Foul Ball, location: 5F
2-2: Foul Ball, location: 9LDF
2-2: Reached on error, E6 (Groundball, 6, EV 84.4 MPH)
Batting: RHB Bill Swerdlow 0-0: Bunt missed!
0-1: Sac Bunt to P - play at first, batter OUT! 1-3
Augusto Serna to second
Batting: RHB Tony Rivera 0-0: Ball
1-0: Ball
2-0: Foul Ball, location: 7LSF
2-1: Fly out, F7 (Line Drive, 78M, EV 92.5 MPH)
Batting: RHB Jorge Gonzáles 0-0: Ball
1-0: Ball
2-0: Ball
3-0: Base on Balls
Batting: RHB José Martínez 0-0: Ball
1-0: Called Strike
1-1: Foul Ball, location: 7LSF
1-2: Ball
2-2: Ground out 5-3 (Groundball, 56S, EV 85.6 MPH)
Bottom of the 3rd over - 0 runs, 0 hits, 1 error, 2 left on base; Spokane 1 - Tri-City 1
TOP OF THE 4TH
Spokane Indians batting - Pitching for Tri-City Dust Devils : RHP Ernie Flores
Batting: SHB Ken Webb 0-0: Called Strike
0-1: Called Strike
0-2: Ball
1-2: Ball
2-2: Ball
3-2: Foul Ball, location: 2F
3-2: Foul Ball, location: 2LF
3-2: Foul Ball, location: 7LSF
3-2: Strikes out swinging
Batting: RHB Don McFarland 0-0: Ball
1-0: Ball
2-0: Ball
3-0: Base on Balls
Batting: RHB Mario Guzmán 0-0: Foul Ball, location: 25FF
0-1: Ball
1-1: Foul Ball, location: 2F
1-2: Ball
2-2: Strikes out swinging
Batting: RHB Norberto Rivera 0-0: SINGLE (Flyball, 78S, EV 91.9 MPH)
Don McFarland to second
Batting: RHB Héctor Martínez 0-0: Called Strike
0-1: Ball
1-1: Called Strike
1-2: Foul Ball, location: 2F
1-2: Hit by Pitch
Don McFarland to third
Norberto Rivera to second
Batting: RHB José López 0-0: Called Strike
0-1: Ball
1-1: Fly out, F8 (Flyball, 8LM, EV 81.3 MPH)
Top of the 4th over - 0 runs, 1 hit, 0 errors, 3 left on base; Spokane 1 - Tri-City 1
BOTTOM OF THE 4TH
Tri-City Dust Devils batting - Pitching for Spokane Indians : RHP José Aguilera
Batting: RHB Manny Alfaro 0-0: Foul Ball, location: 5F
0-1: Swinging Strike
0-2: Strikes out swinging
Batting: RHB Andy Branch 0-0: Swinging Strike
0-1: Ball
1-1: SINGLE (Line Drive, 4M, EV 106.9 MPH)
Batting: RHB Dave Hannah 0-0: Foul Ball, location: 5F
0-1: Swinging Strike
0-2: Fly out, F9 (Line Drive, 9D, EV 97.5 MPH)
Batting: RHB Luis Jiménez 0-0: Ball
1-0: Called Strike
1-1: Swinging Strike
1-2: Strikes out swinging
Bottom of the 4th over - 0 runs, 1 hit, 0 errors, 1 left on base; Spokane 1 - Tri-City 1
TOP OF THE 5TH
Spokane Indians batting - Pitching for Tri-City Dust Devils : RHP Ernie Flores
Batting: SHB Jerry Clifton 0-0: Called Strike
0-1: Swinging Strike
0-2: Strikes out swinging
Batting: RHB Israel Díaz 0-0: Called Strike
0-1: SINGLE (Groundball, 4D, EV 101.9 MPH)
Batting: LHB Jeff Rogers 0-0: Ball
Israel Díaz steals 2nd base
1-0: Foul Ball, location: 5F
1-1: SINGLE (Line Drive, 8LS, EV 93.8 MPH)
Israel Díaz to third
Runner from 3rd tries for Home, SAFE, throw by CF to home
Jeff Rogers to second
Now in CF: António Sepúlveda
Batting: SHB Ken Webb 0-0: Called Strike
0-1: SINGLE (Groundball, 56S, EV 66.3 MPH) (infield hit)
Jeff Rogers to third
Batting: RHB Don McFarland 0-0: Ball
1-0: Ball
2-0: Ball
3-0: Called Strike
3-1: Swinging Strike
3-2: Strikes out swinging
Batting: RHB Mario Guzmán 0-0: Called Strike
0-1: Ball
1-1: Foul Ball, location: 23F
1-2: Ball
2-2: Strikes out swinging
Top of the 5th over - 1 run, 3 hits, 0 errors, 2 left on base; Spokane 2 - Tri-City 1
BOTTOM OF THE 5TH
Tri-City Dust Devils batting - Pitching for Spokane Indians : RHP José Aguilera
Batting: RHB Augusto Serna 0-0: Ball
1-0: Called Strike
1-1: Swinging Strike
1-2: Strikes out swinging
Batting: RHB Bill Swerdlow 0-0: Ball
1-0: Foul Ball, location: 7LMF
1-1: Ball
2-1: Swinging Strike
2-2: Foul Ball, location: 2F
2-2: Fly out, F7 (Line Drive, 7LM, EV 96.3 MPH)
Batting: RHB Tony Rivera 0-0: Ball
1-0: Ball
2-0: Fly out, F7 (Flyball, 7, EV 90.6 MPH)
Bottom of the 5th over - 0 runs, 0 hits, 0 errors, 0 left on base; Spokane 2 - Tri-City 1
TOP OF THE 6TH
Spokane Indians batting - Pitching for Tri-City Dust Devils : RHP Ernie Flores
Pitching: RHP Rob Gordon
Batting: RHB Norberto Rivera 0-0: Foul Ball, location: 2F
0-1: Swinging Strike
0-2: Ground out 4-3 (Groundball, 4M, EV 79.4 MPH)
Batting: RHB Héctor Martínez 0-0: Called Strike
0-1: Ball
1-1: Ball
2-1: Fly out, F8 (Flyball, 8RS, EV 90.6 MPH)
Batting: RHB José López 0-0: Called Strike
0-1: Called Strike
0-2: Foul Ball, location: 9LSF
0-2: Foul Ball, location: 3F
0-2: Strikes out looking
Top of the 6th over - 0 runs, 0 hits, 0 errors, 0 left on base; Spokane 2 - Tri-City 1
BOTTOM OF THE 6TH
Tri-City Dust Devils batting - Pitching for Spokane Indians : RHP José Aguilera
Pitching: RHP Bubba Steele
Batting: RHB Jorge Gonzáles 0-0: Called Strike
0-1: Ball
1-1: Ball
2-1: Ball
3-1: Foul Ball, location: 3SF
3-2: Strikes out swinging
Batting: RHB José Martínez 0-0: Foul Ball, location: 7LSF
0-1: Ground out 5-3 (Groundball, 56, EV 104.4 MPH)
Batting: RHB António Sepúlveda 0-0: Ball
1-0: Ball
2-0: Ball
3-0: Called Strike
3-1: Base on Balls
Batting: RHB Andy Branch 0-0: Ball
1-0: Ball
2-0: Fly out, F8 (Flyball, 8RD, EV 100.6 MPH)
Bottom of the 6th over - 0 runs, 0 hits, 0 errors, 1 left on base; Spokane 2 - Tri-City 1
TOP OF THE 7TH
Spokane Indians batting - Pitching for Tri-City Dust Devils : RHP Rob Gordon
Batting: SHB Jerry Clifton 0-0: Foul Ball, location: 23F
0-1: Ball
1-1: Ball
2-1: Called Strike
2-2: Foul Ball, location: 3FF
2-2: Strikes out swinging
Batting: RHB Israel Díaz 0-0: Ground out 6-3 (Groundball, 6, EV 76.3 MPH)
Batting: LHB Jeff Rogers 0-0: Ball
1-0: Foul Ball, location: 25F
1-1: Foul Ball, location: 2F
1-2: Strikes out swinging
Top of the 7th over - 0 runs, 0 hits, 0 errors, 0 left on base; Spokane 2 - Tri-City 1
BOTTOM OF THE 7TH
Tri-City Dust Devils batting - Pitching for Spokane Indians : RHP Bubba Steele
Batting: RHB Dave Hannah 0-0: Foul Ball, location: 9LSF
0-1: Foul Ball, location: 5FF
0-2: Foul Ball, location: 3SF
0-2: Ball
1-2: Foul Ball, location: 9LSF
1-2: Foul Ball, location: 2F
1-2: Strikes out looking
Batting: RHB Luis Jiménez 0-0: Fly out, F8 (Flyball, 89S, EV 90.6 MPH)
Pinch Hitting: LHB David Pérez 0-0: Called Strike
0-1: Ground out 4-3 (Groundball, 4, EV 78.1 MPH)
Bottom of the 7th over - 0 runs, 0 hits, 0 errors, 0 left on base; Spokane 2 - Tri-City 1
TOP OF THE 8TH
Spokane Indians batting - Pitching for Tri-City Dust Devils : RHP Rob Gordon
Now at 2B: Luis Medina
Batting: SHB Ken Webb 0-0: Swinging Strike
0-1: Ball
1-1: Ball
2-1: Foul Ball, location: 7LDF
2-2: Ball
3-2: Foul Ball, location: 5FF
3-2: Foul Ball, location: 5DF
3-2: Base on Balls
Batting: RHB Don McFarland 0-0: Ball
1-0: Called Strike
1-1: Grounds into double play, 6-4-3 (Groundball, 6M, EV 88.1 MPH)
Batting: RHB Mario Guzmán 0-0: Foul Ball, location: 2F
0-1: Called Strike
0-2: Foul Ball, location: 3DF
0-2: Strikes out swinging
Top of the 8th over - 0 runs, 0 hits, 0 errors, 0 left on base; Spokane 2 - Tri-City 1
BOTTOM OF THE 8TH
Tri-City Dust Devils batting - Pitching for Spokane Indians : RHP Bubba Steele
Batting: RHB Bill Swerdlow 0-0: Ground out U3 (Groundball, 3, EV 87.5 MPH)
Batting: RHB Tony Rivera 0-0: Ball
1-0: Foul Ball, location: 9LMF
1-1: Called Strike
1-2: Ball
2-2: Strikes out looking
Pinch Hitting: RHB Ángelo Hernández 0-0: Fly out, F9 (Flyball, 89M, EV 84.4 MPH)
Bottom of the 8th over - 0 runs, 0 hits, 0 errors, 0 left on base; Spokane 2 - Tri-City 1
TOP OF THE 9TH
Spokane Indians batting - Pitching for Tri-City Dust Devils : RHP Rob Gordon
Pitching: RHP Chet Joseph
Now in RF: Ángelo Hernández
Pinch Hitting: SHB Danny Nolan 0-0: Ball
1-0: Ball
2-0: Ball
3-0: Base on Balls
Batting: RHB Héctor Martínez 0-0: Sac Bunt to 5S - play at first, batter OUT! 5-3
Danny Nolan to second
Batting: RHB José López 0-0: Intentional Walk
Pinch Runner at 2nd Greg Price:
Batting: SHB Jerry Clifton 0-0: Ball
1-0: Foul Ball, location: 3SF
1-1: Called Strike
1-2: Strikes out swinging
Batting: RHB Israel Díaz 0-0: SINGLE (Line Drive, 8RS, EV 93.8 MPH)
Greg Price to third
José López to second
Runner from 3rd tries for Home, SAFE, throw by CF to home
José López to third
Israel Díaz to second
Batting: LHB Jeff Rogers 0-0: Called Strike
0-1: Foul Ball, location: 7LDF
0-2: Foul Ball, location: 7LSF
0-2: Ball
1-2: Strikes out swinging
Top of the 9th over - 1 run, 1 hit, 0 errors, 2 left on base; Spokane 3 - Tri-City 1
BOTTOM OF THE 9TH
Tri-City Dust Devils batting - Pitching for Spokane Indians : RHP Bubba Steele
Pitching: RHP Josh Sweeney
Now in CF: Dave Howell
Now in RF: Luis Negrón
Batting: RHB José Martínez 0-0: Foul Ball, location: 5DF
0-1: Ball
1-1: Swinging Strike
1-2: Strikes out swinging
Batting: RHB António Sepúlveda 0-0: Foul Ball, location: 9LSF
0-1: Foul Ball, location: 3FF
0-2: Ball
1-2: Ball
2-2: SINGLE (Groundball, 15S, EV 66.3 MPH) (infield hit)
Pinch Hitting: LHB Andreas Allison 0-0: Ball
1-0: Swinging Strike
1-1: Called Strike
1-2: Strikes out swinging
Pinch Hitting: RHB Flávio Jos 0-0: Called Strike
0-1: Ball
1-1: Swinging Strike
1-2: Ball
2-2: Ball
3-2: Strikes out swinging
Bottom of the 9th over - 0 runs, 1 hit, 0 errors, 1 left on base; Spokane 3 - Tri-City 1
Wednesday, May 1st , 2024 - OOTP Baseball 24.10 Build 82